AoeStats
← uli2099

Lombardia

509594457Analyzed
3v3 RM · 6d ago on Sep 27, 2026· 64m 17s· 6 players
Game mode
Random Map
Map size
Normal (6 player)
Population
200
Speed
Normal
Resources
Standard
Victory
Conquest
Starting age
Dark Age
Ending age
Imperial Age
RankedLock teamsTeams togetherTeam positionsShared explorationLock speedFull tech treeHidden civsTurbo modeCheats
Victory
Defeat
🇩🇪 Magyars · Germany
1180
+14
🇮🇹 Romans · Italy
1068
+18
🇨🇭 Mongols · Switzerland
1007
+22
🇲🇽 Mongols · Mexico
1146
-19
🇲🇽 Hindustanis · Mexico
1123
-18
🇲🇽 Chinese · Mexico
1103
-17
Khruner
12:26 Feudal Age
11:15 Loom
18:36 Castle Age
17:51 Scale Mail Armor
18:30 Fletching
18:29 Double-Bit Axe
22:22 Elite Skirmisher
23:28 Horse Collar
24:39 Bow Saw
25:32 Town Watch
26:54 Wheelbarrow
27:00 Heavy Plow
28:52 Gold Mining
32:32 Imperial Age
30:22 Forging
30:55 Hand Cart
30:45 Pikeman
32:04 Chain Mail Armor
31:58 Scale Barding Armor
32:29 Iron Casting
32:01 Squires
31:22 Man-at-Arms
32:54 Gold Shaft Mining
33:20 Ballistas
34:13 Heavy Scorpion
34:16 Capped Ram
34:20 Halberdier
34:23 Long Swordsman
35:43 Siege Ram
36:55 Conscription
39:02 Chemistry
38:22 Siege Engineers
37:53 Legionary
40:12 Blast Furnace
39:16 Padded Archer Armor
39:38 Chain Barding Armor
39:16 Bodkin Arrow
40:05 Comitatenses
44:47 Elite Centurion
47:48 Plate Barding Armor
47:48 Husbandry
54:28 Caravan
Chopfab
11:54 Feudal Age
15:57 Castle Age
13:55 Double-Bit Axe
14:33 Horse Collar
19:23 Bow Saw
23:08 Gold Mining
23:23 Heavy Plow
25:36 Ballistics
25:42 Fletching
31:27 Imperial Age
29:45 Loom
30:36 Wheelbarrow
32:13 Caravan
32:42 Elite Mangudai
33:20 Bodkin Arrow
33:36 Forging
34:02 Pikeman
35:20 Hand Cart
39:30 Bracer
40:06 Iron Casting
39:32 Padded Archer Armor
39:37 Scale Barding Armor
40:44 Chemistry
43:06 Blast Furnace
42:22 Leather Archer Armor
46:16 Thumb Ring
45:32 Heavy Cavalry Archer
48:44 Elite Skirmisher
49:08 Capped Ram
50:20 Drill
51:08 Siege Engineers
50:59 Murder Holes
52:02 Bloodlines
51:53 Husbandry
51:25 Siege Ram
61:48 Chain Barding Armor
uli2099
2:05 Loom
9:24 Feudal Age
10:29 Double-Bit Axe
14:23 Horse Collar
21:14 Castle Age
23:14 Wheelbarrow
22:55 Bow Saw
23:07 Heavy Plow
24:36 Hand Cart
24:42 Stone Mining
28:35 Gold Mining
30:41 Gold Shaft Mining
31:10 Scale Barding Armor
31:20 Bloodlines
34:24 Imperial Age
33:14 Husbandry
33:56 Chain Barding Armor
33:09 Light Cavalry
34:22 Thumb Ring
36:13 Plate Barding Armor
35:01 Elite Magyar Huszar
36:56 Crop Rotation
37:32 Two-Man Saw
36:43 Fletching
37:07 Masonry
37:59 Chemistry
37:19 Ballistics
37:47 Parthian Tactics
37:23 Bodkin Arrow
38:19 Heavy Cavalry Archer
39:16 Bracer
40:25 Conscription
43:03 Scale Mail Armor
43:04 Padded Archer Armor
44:38 Recurve Bow
44:27 Treadmill Crane
44:56 Pikeman
46:19 Chain Mail Armor
46:20 Leather Archer Armor
46:50 Corvinian Army
47:51 Caravan
48:27 Halberdier
54:15 Hoardings
54:12 Ring Archer Armor
53:50 Siege Engineers
MZTK | KAAN EEK
0:29 Loom
11:11 Feudal Age
13:12 Double-Bit Axe
15:26 Fletching
21:56 Castle Age
21:05 Padded Archer Armor
21:50 Horse Collar
23:36 Heavy Plow
28:56 Wheelbarrow
30:05 Bodkin Arrow
32:16 Fortified Wall
34:55 Imperial Age
32:47 Crossbowman
35:00 Hand Cart
35:16 Caravan
35:59 Conscription
36:46 Chemistry
36:18 Bow Saw
36:29 Murder Holes
36:52 Gold Mining
36:54 Stone Mining
37:33 Bracer
37:48 Leather Archer Armor
37:35 Scale Mail Armor
37:54 Town Watch
38:26 Elite Chu Ko Nu
39:19 Thumb Ring
38:37 Elite Skirmisher
40:53 Great Wall
41:19 Rocketry
42:06 Ring Archer Armor
41:53 Chain Mail Armor
41:48 Forging
42:06 Ballistics
41:52 Heavy Rocket Cart
44:23 Light Cavalry
46:11 Husbandry
46:21 Bloodlines
46:51 Arbalester
47:08 Cavalier
48:18 Masonry
52:05 Man-at-Arms
53:59 Iron Casting
53:30 Scale Barding Armor
MZTK | GaboxNet .i.
10:09 Feudal Age
12:30 Loom
15:07 Castle Age
14:32 Double-Bit Axe
18:04 Bow Saw
17:51 Horse Collar
20:25 Wheelbarrow
21:35 Heavy Plow
24:55 Gold Mining
26:22 Gold Shaft Mining
30:13 Imperial Age
28:20 Hand Cart
29:02 Fletching
29:12 Padded Archer Armor
29:42 Bodkin Arrow
30:10 Ballistics
31:45 Bracer
32:20 Stone Mining
33:42 Chemistry
33:28 Conscription
33:37 Town Watch
34:09 Leather Archer Armor
34:26 Parthian Tactics
35:19 Elite Mangudai
36:19 Bloodlines
36:09 Husbandry
38:38 Stone Shaft Mining
39:42 Caravan
40:12 Coinage
41:17 Scale Barding Armor
41:23 Forging
42:28 Chain Barding Armor
41:31 Light Cavalry
42:39 Hussar
44:51 Iron Casting
46:44 Blast Furnace
_MZTK_SIRO_
7:40 Loom
10:04 Feudal Age
10:33 Double-Bit Axe
14:07 Horse Collar
20:12 Castle Age
18:28 Scale Barding Armor
18:34 Forging
19:13 Scale Mail Armor
19:14 Padded Archer Armor
19:55 Bloodlines
21:51 Wheelbarrow
22:38 Stone Mining
22:38 Gold Mining
23:58 Town Watch
25:36 Chain Barding Armor
25:55 Stone Mining
26:44 Bow Saw
27:51 Town Patrol
29:27 Husbandry
30:05 Iron Casting
30:08 Heavy Plow
34:56 Hand Cart
38:21 Imperial Age
36:42 Stone Shaft Mining
36:42 Gold Shaft Mining
38:31 Heavy Camel Rider
39:48 Plate Barding Armor
40:14 Blast Furnace
41:15 Two-Man Saw
40:48 Conscription
40:29 Grand Trunk Road
42:40 Scale Mail Armor
45:13 Chain Mail Armor
46:36 Masonry
46:32 Siege Engineers
47:42 Padded Archer Armor
47:33 Fletching
48:45 Ballistics
49:28 Chemistry
49:28 Elite Skirmisher
50:15 Thumb Ring
53:19 Ballistics
55:15 Leather Archer Armor
54:56 Bodkin Arrow
Connection lost

Rejoining the realm…

Still unreachable

The connection could not be restored.

Session expired

The server has moved on; the page needs a fresh start.